Map: Neon Violet Square LE

Players

Lambo

  • Race: Zerg Zerg
  • Spawn Location: 11:00

Snute - Winner!

  • Race: Zerg Zerg
  • Spawn Location: 5:00

Event: WCS Leipzig 2018

VOD

Have the link to the VOD?

Description

Time

  • Played on: Jan. 27, 2018, 7:43 a.m.
  • Length: 9:08

All games in this series

Show
View Real Time Build Order
Export as new Build Order

Lambo Zerg 

Build Orders: Hatch First 

Get SALT Encoding   

  12  0:00  Drone  
  13  0:13  Overlord  
  13  0:18  Drone  
  14  0:32  Drone x2  
  16  0:36  Drone  
  17  0:53  Hatchery  
  17  0:56  Drone  
  17  1:00  Drone  
  18  1:11  Extractor  
  18  1:15  Spawning Pool  
  18  1:18  Drone  
  17  1:21  Drone  
  18  1:29  Drone  
  19  1:40  Overlord  
  19  1:51  Drone  
  20  2:01  Queen  
  20  2:02  Drone  
  20  2:05  Drone, Queen  
  26  2:11  Metabolic Boost  
  26  2:12  Drone  
  27  2:16  Drone  
  28  2:24  Drone  
  29  2:31  Drone  
  30  2:38  Hatchery  
  30  2:40  Zergling x2  
  30  2:42  Zergling x2  
  31  2:50  Baneling Nest  
  30  2:56  Zergling x2  
  30  2:57  Overlord  
  31  3:00  Drone x2  
  33  3:09  Drone  
  33  3:11  Drone x2  
  36  3:19  Drone x3  
  39  3:20  Queen  
  39  3:24  Overlord  
  41  3:30  Drone  
  42  3:36  Overlord  
  42  3:38  Evolution Chamber  
  41  3:42  Drone x3  
  44  3:49  Drone x2  
  46  3:56  Drone x2  
  46  3:58  Overlord  
  46  3:59  Drone  
  46  4:00  Drone x2  
  46  4:01  Drone  
  52  4:04  Zerg Missile Weapons Level 1  
  52  4:05  Extractor  
  52  4:06  Drone  
  52  4:09  Overlord  
  52  4:15  Lair  
  52  4:16  Drone  
  53  4:21  Drone x2  
  53  4:22  Drone  
  55  4:24  Drone  
  55  4:25  Drone  
  55  4:26  Extractor  
  55  4:29  Roach Warren  
  55  4:30  Drone  
  56  4:35  Drone x4  
  56  4:36  Drone  
  61  4:41  Drone x2  
  61  4:42  Drone  
  61  4:45  Overlord  
  64  4:46  Drone x2  
  64  4:48  Drone  
  64  4:52  Drone x2  
  69  4:53  Extractor  
  69  4:55  Drone x2  
  70  5:01  Drone x4  
  70  5:03  Pneumatized Carapace  
  70  5:04  Extractor x2  
  71  5:11  Roach x4  
  79  5:14  Overlord  
  79  5:16  Roach x2  
  79  5:20  Drone x4  
  87  5:24  Overlord  
  87  5:26  Roach  
  89  5:31  Glial Reconstitution  
  88  5:38  Overlord  
  88  5:40  Roach x3  
  94  5:46  Zergling x8  
  94  5:48  Hatchery  
  94  5:49  Roach x2  
  105  5:57  Roach x3  
  105  6:03  Overlord  
  107  6:05  Zergling x4, Overlord  
  107  6:06  Roach x2  
  113  6:12  Overlord  
  113  6:13  Overlord x2  
  113  6:14  Overseer, Overlord  
  113  6:24  Baneling x2  
  113  6:25  Baneling x2  
  113  6:26  Zerg Missile Weapons Level 2  
  113  6:28  Roach x4  
  113  6:30  Ravager x3  
  113  6:31  Ravager  
  124  6:33  Roach x3  
  124  6:36  Baneling x2  
  129  6:40  Baneling x2, Roach  
  129  6:41  Roach  
  129  6:46  Roach x4  
  141  6:50  Overlord  
  141  7:00  Roach x5  
  151  7:08  Overlord, Queen  
  151  7:09  Overlord  
  151  7:10  Overlord  
  151  7:13  Overlord  
  151  7:14  Overlord  
  153  7:19  Roach x2  
  155  7:29  Roach  
  163  7:30  Roach x7  
  163  7:33  Roach x2  
  172  7:37  Ravager x3  
  172  7:41  Roach x2  
  178  7:47  Roach  
  178  7:48  Roach x2  
  184  7:56  Overlord  
  184  8:01  Overlord  
  184  8:02  Roach x2  
  184  8:05  Overlord  
  184  8:09  Overlord  
  184  8:12  Overlord  
  182  8:13  Overlord  
  167  8:20  Roach x2  
  167  8:21  Roach x2  
  167  8:23  Roach  
  167  8:24  Roach x7  
  149  8:34  Roach  
  135  8:37  Roach  
  135  8:40  Roach x2  
  135  8:41  Roach x4  
  139  8:43  Ravager  
  139  8:45  Roach  
Show
View Real Time Build Order
Export as new Build Order

Snute Zerg - Winner!

Build Orders: Hatch First 

Get SALT Encoding   

  12  0:00  Drone  
  13  0:12  Overlord  
  13  0:17  Drone  
  14  0:31  Drone x2  
  14  0:34  Drone  
  17  0:52  Hatchery  
  17  0:55  Drone  
  17  0:58  Drone  
  17  1:00  Extractor  
  17  1:14  Spawning Pool  
  17  1:17  Drone  
  17  1:20  Drone  
  18  1:28  Drone  
  19  1:38  Overlord  
  19  1:50  Drone  
  20  2:01  Metabolic Boost, Queen  
  20  2:03  Queen  
  20  2:05  Drone  
  25  2:09  Zergling x2  
  25  2:12  Zergling x2  
  25  2:14  Zergling x2  
  28  2:22  Drone  
  29  2:25  Drone  
  30  2:35  Drone  
  30  2:36  Drone  
  32  2:43  Drone  
  33  2:46  Hatchery  
  33  2:48  Overlord  
  32  2:56  Baneling Nest, Drone  
  32  2:59  Drone  
  32  3:05  Drone  
  34  3:08  Zergling x2  
  34  3:12  Drone x4  
  39  3:14  Drone  
  39  3:19  Drone  
  41  3:24  Overlord  
  41  3:25  Drone  
  42  3:34  Overlord  
  42  3:35  Drone  
  43  3:41  Drone  
  43  3:42  Drone x2  
  43  3:43  Drone x3  
  43  3:47  Overlord  
  48  3:50  Lair  
  48  3:53  Drone  
  48  3:54  Extractor  
  48  3:57  Drone  
  48  4:00  Extractor  
  48  4:01  Evolution Chamber  
  47  4:03  Baneling  
  47  4:04  Drone  
  47  4:08  Drone x2  
  50  4:10  Drone  
  50  4:13  Drone x3  
  54  4:17  Drone x4  
  58  4:25  Roach Warren  
  58  4:26  Drone x2  
  58  4:28  Zerg Missile Weapons Level 1  
  59  4:32  Drone x3  
  62  4:42  Drone x2, Queen  
  62  4:45  Extractor  
  65  4:46  Drone  
  65  4:47  Drone x3  
  65  4:50  Overlord  
  69  4:53  Overlord  
  69  4:54  Drone x2  
  69  4:55  Drone  
  69  4:56  Drone  
  73  5:00  Drone  
  73  5:05  Glial Reconstitution  
  74  5:07  Queen  
  74  5:12  Extractor  
  74  5:13  Hatchery  
  74  5:18  Roach x4  
  83  5:21  Drone x2  
  83  5:24  Extractor  
  83  5:26  Drone  
  83  5:27  Drone  
  85  5:30  Roach x2  
  85  5:31  Overlord x2  
  89  5:37  Overlord  
  89  5:41  Overlord  
  89  5:43  Overlord  
  89  5:48  Overlord  
  89  5:51  Roach  
  89  5:54  Roach  
  89  5:55  Ravager x4  
  97  5:58  Roach x2  
  97  5:59  Roach  
  97  6:00  Roach  
  97  6:01  Roach x2  
  97  6:03  Roach x2  
  112  6:07  Roach  
  114  6:18  Roach  
  114  6:19  Roach x5  
  126  6:29  Roach  
  126  6:30  Roach x3  
  134  6:35  Roach x3  
  134  6:36  Overlord x2  
  140  6:41  Extractor  
  140  6:44  Roach x2  
  140  6:45  Overlord  
  140  6:46  Overlord  
  143  6:53  Overlord x2  
  143  6:56  Roach  
  143  6:57  Roach x2  
  143  7:01  Roach x3  
  155  7:03  Overseer  
  155  7:05  Ravager x3  
  155  7:06  Roach  
  159  7:09  Roach  
  159  7:10  Roach  
  159  7:14  Roach x6  
  170  7:28  Roach x4  
  170  7:29  Roach x5  
  167  7:35  Roach x2  
  171  7:41  Roach x3  
  177  7:45  Roach x2  
  177  7:46  Roach  
  177  7:50  Roach  
  177  7:51  Roach  
  187  7:52  Ravager, Overlord  
  187  7:53  Ravager  
  187  7:58  Roach  
  189  8:07  Roach  
  189  8:10  Overlord  
  189  8:11  Roach x4  
  189  8:26  Roach x12  
  180  8:32  Roach x2  
  180  8:33  Roach  
  175  8:46  Roach  
  175  8:47  Roach x4  
  170  8:49  Roach  
Tags
 
Add a new tag
Caveats
  • Supply blocks, unpowered buildings, or Contaminate may cause inaccurate times.
  • Supply counts are checked every 10 seconds.